 Dungeon Crawl Stone Soup version 0.27-a0-1193-g8631133539 (webtiles) character file.

Game seed: 5645952818358417546

22 leviel the Skirmisher (level 2, 0/27 HPs)
             Began as a Hill Orc Fighter on May 25, 2021.
             Was an Initiate of Elyvilon.
             Slain by a gnoll
             ... wielding a +0 flail
              (8 damage)
             ... on level 2 of the Dungeon.
             The game lasted 00:00:49 (1027 turns).

leviel the Skirmisher (Hill Orc Fighter)            Turns: 1027, Time: 00:00:49

Health: 0/27       AC:  6    Str: 18    XL:     2   Next: 91%
Magic:  2/2        EV:  7    Int:  8    God:    Elyvilon [......]
Gold:   50         SH:  9    Dex: 10    Spells: 1/1 levels left

rFire    . . .     SeeInvis .   a - +0 war axe
rCold    . . .     Faith    .   c - +0 kite shield
rNeg     . . .     Spirit   .   b - +0 scale mail
rPois    .         Reflect  .   (no helmet)
rElec    .         Harm     .   (no cloak)
rCorr    .         Rampage  .   (no gloves)
Will     .....                  (no boots)
Stlth    ..........             (no amulet)
HPRegen  0.09/turn              (no ring)
MPRegen  0.08/turn              (no ring)

@: very slow
A: no striking features
a: Renounce Religion


You were on level 2 of the Dungeon.
You worshipped Elyvilon.
Elyvilon was noncommittal.
You visited 1 branch of the dungeon, and saw 2 of its levels.

You collected 50 gold pieces.

Inventory:

Hand Weapons
 a - a +0 war axe (weapon)
Missiles
 f - 2 atropa-tipped darts (quivered)
Armour
 b - a +0 scale mail (worn)
 c - a +0 kite shield (worn)
Jewellery
 e - an amulet of reflection
Scrolls
 g - a scroll of teleportation {unknown}
 h - a scroll of summoning {unknown}
Potions
 d - a potion of might


   Skills:
 + Level 3.9 Fighting
 * Level 3.5 Axes
 + Level 3.5 Armour
 + Level 3.5 Shields


You had one spell level left.
You didn't know any spells.
Your spell library contained the following spells:

 Spells                   Type           Power      Damage    Failure   Level
 Corona                   Hex            0%         N/A       99%         1
 Ensorcelled Hibernation  Hex/Ice        0%         N/A       100%        2
 Confusing Touch          Hex            0%         N/A       100%        3
 Dazzling Flash           Conj/Hex       0%         N/A       100%        3
 Tukima's Dance           Hex            0%         N/A       100%        3


Dungeon Overview and Level Annotations

Branches:
Dungeon (2/15)

Altars:
Elyvilon


Message History

The hobgoblin hits you but does no damage.
Your unstable footing causes you to fumble your attack.
The ball python bites you but does no damage.
The ball python constricts you. The hobgoblin hits you.
A gnoll comes into view. It is wielding a +0 whip.
You block the ball python's attack. The ball python constricts you.
The hobgoblin hits you but does no damage.
Your unstable footing causes you to fumble your attack.
The gnoll shouts!
You hear a shout!
The ball python bites you but does no damage.
The ball python constricts you.
A gnoll comes into view. It is wielding a +0 spear.
The hobgoblin barely misses you. You block the ball python's attack.
The ball python constricts you.
Your unstable footing causes you to fumble your attack.
The gnoll hits you with a +0 flail. You block the hobgoblin's attack.
The ball python bites you but does no damage.
The ball python constricts you.
A goblin comes into view. It is wielding a +0 club.
The gnoll hits you with a +0 flail!
The hobgoblin hits you but does no damage.
You block the ball python's attack.
* * * LOW HITPOINT WARNING * * *
The ball python constricts you.
You are too injured to fight recklessly!
You are too injured to fight recklessly!
You are too injured to fight recklessly!
You are too injured to fight recklessly!
You are too injured to fight recklessly!
You are too injured to fight recklessly!
You are too injured to fight recklessly!
You are too injured to fight recklessly!
You are too injured to fight recklessly!
You are too injured to fight recklessly!
You are too injured to fight recklessly!
You are too injured to fight recklessly!
You are too injured to fight recklessly!
You are too injured to fight recklessly!
You escape the ball python's grasp.
The gnoll hits you with a +0 flail!
You die...

#.# ##### #.#......
#.#.##### ####### #
#.# ......#. #.#
####...#.##### #.#
.
.....g.......####.#
#
.g..........#.....#
......gg@≈..#######
# ......g≈..≈.## ..
...≈≈..S..†≈≈# ..
..≈..≈..≈..≈≈≈# ..
[.≈..≈⌠.≈...≈≈# ##
...≈.⌠≈..≈..≈≈#
≈..≈..≈..≈..≈≈#
≈≈.$≈..≈≈...≈##
.≈?.≈.......##


You could see 3 gnolls, a hobgoblin, a goblin and a ball python.

Vanquished Creatures
  A dart slug (D:1)
  2 endoplasms (D:2)
  A giant cockroach (D:2)
  2 goblins
  3 hobgoblins (D:1)
  2 quokkas (D:2)
  A ball python (D:2)
  A bat (D:1)
  2 kobolds
  3 rats
18 creatures vanquished.

Notes
Turn   | Place    | Note
-------+----------+-------------------------------------------
     0 | D:1      | leviel the Hill Orc Fighter began the quest for the Orb.
     0 | D:1      | Reached XP level 1. HP: 19/19 MP: 1/1
   171 | D:1      | Reached XP level 2. HP: 27/27 MP: 2/2
   749 | D:2      | Found a white marble altar of Elyvilon.
   768 | D:2      | Became a worshipper of Elyvilon the Healer
  1027 | D:2      | Slain by a gnoll

Illustrated notes

Levels and vault maps discovered:
D:1:      dpeg_arrival_orchard, layout_basic
D:2:      cheibrodos_helix_gallery, layout_loops_ring, basic_altar,
          ebering_ecumenical_altar_sacrificial, minmay_misc_feat_doors

Skill      XL: |  1 |
---------------+----+-----
Axes           | 3 |  3.5
Fighting       | |  3.9
Armour         | |  3.5
Shields        | |  3.5

Action                   || total
-------------------------++-------
Melee: War axe           ||    55
Armor: Scale mail        ||    31
Dodge: Dodged            ||    17
Block: Kite shield       ||    30

Table legend: (Time is in decaauts)
 A = Elapsed time spent in this place.
 B = Non-inter-level travel time spent in this place.
 C = Inter-level travel time spent in this place.
 D = Time resting spent in this place.
 E = Time spent auto-exploring this place.
 F = Levels seen in this place.
 G = Mean time per level.
                   A        B        C        D        E       F      G
               +--------+--------+--------+--------+--------+-----+--------+
         Total |   1059 |   1050 |      9 |      0 |    899 |   2 |  529.5 |
       Dungeon |   1059 |   1050 |      9 |      0 |    899 |   2 |  529.5 |
               +--------+--------+--------+--------+--------+-----+--------+

Top non-repeatable levels by time:
     D:1: 665 daAuts
     D:2: 393 daAuts
